 Dungeon Crawl Stone Soup version 0.31-a0-1074-g0b22e4e0f1 (webtiles) character file.

Game seed: 12793133206482951496

122 drugrobin the Ruffian (level 4, -2/37 HPs)
             Began as a Demigod Delver on Dec 6, 2023.
             Slain by a sleepcap (4 damage)
             ... on level 4 of the Dungeon.
             The game lasted 00:05:09 (3373 turns).

drugrobin the Ruffian (Demigod Delver)              Turns: 3373, Time: 00:05:09

Health: -2/37      AC:  3    Str: 17    XL:     4   Next: 50%
Magic:  6/6        EV: 12    Int: 12    God:
Gold:   174        SH:  0    Dex: 15    Spells: 1/3 levels left

rFire   + .          .
                       - Unarmed
rCold   . . .        (no shield)
rNeg    . . .        a - +0 leather armour
rPois   .            (no helmet)
rElec   .            (no cloak)
rCorr   .            (no gloves)
SInv    .            (no boots)
Will    .....        (no amulet)
Stlth   +++          q - ring of protection from fire
HPRegen 0.26/turn    (no ring)
MPRegen 0.10/turn

%: no passive effects
@: no status effects
A: high MP 1, forlorn, divine attributes
a: no special abilities


You were on level 4 of the Dungeon.
You visited 1 branch of the dungeon, and saw 5 of its levels.

You collected 174 gold pieces.

Inventory:

Missiles
 n - a throwing net
Armour
 a - a +0 leather armour (worn)
Jewellery
 h - a ring of ice
 q - a ring of protection from fire (left hand)
Wands
 f - a wand of digging (3)
Scrolls
 b - 2 scrolls of fog
 c - 2 scrolls of revelation
 d - a scroll of fear
 g - a scroll of amnesia {unknown}
 i - 4 scrolls of identify {unknown}
 m - a scroll of noise {unknown}
 r - a scroll of enchant weapon {unknown}
 s - a scroll of brand weapon {unknown}
Potions
 e - a potion of haste
 j - a potion of lignification {unknown}
 l - 2 potions of curing {unknown}
 o - a potion of berserk rage {unknown}
 p - 2 potions of degeneration {unknown}


   Skills:
 - Level 2.6 Fighting
 - Level 1.7 Dodging
 - Level 4.5 Stealth
 + Level 4.6 Unarmed Combat


You had one spell level left.
You knew the following spells:

 Your Spells              Type           Power      Damage    Failure   Level
a - Scorch                Fire           0%         2d5       52%         2

Your spell library contained the following spells:

 Spells                   Type           Power      Damage    Failure   Level
 Dazzling Flash           Conj/Hex       0%         N/A       77%         3
 Flame Wave               Conj/Fire      0%         2d4       99%         4
 Agony                    Necr           0%         N/A       100%        5
 Silence                  Hex/Air        0%         N/A       100%        5
 Summon Cactus Giant      Summ           0%         N/A       100%        6


Dungeon Overview and Level Annotations

Branches:
Dungeon (5/15)
 Temple: D:4-7

Annotations:
D:5 exclusion: 2 black bears


Innate Abilities, Weirdness & Mutations

You have an increased reservoir of magic. (+10% MP)
You shall have no god before yourself.
Your divine heritage dramatically boosts your attributes as you level up.


Message History

Press: ? - help, Shift-Dir - straight line, f/p - sleepcap
Aim: a sleepcap (98% to hit)
You throw a poisoned dart. The poisoned dart hits the sleepcap.
Unknown command.
Throw: dart (poison)
Press: ? - help, Shift-Dir - straight line, f/p - sleepcap
Aim: a sleepcap (98% to hit)
You throw a poisoned dart. The poisoned dart hits the sleepcap.
Unknown command.
Unknown command.
You hit the sleepcap but do no damage. The sleepcap barely misses you.
You hit the sleepcap.
The sleepcap is lightly damaged.
The sleepcap barely misses you.
You hit the sleepcap.
The sleepcap is lightly damaged.
The sleepcap barely misses you.
You hit the sleepcap but do no damage.
The sleepcap is lightly damaged.
The sleepcap barely misses you.
You hit the sleepcap but do no damage.
The sleepcap is lightly damaged.
The sleepcap releases spores at you!
You hit the sleepcap but do no damage.
The sleepcap is lightly damaged.
The sleepcap releases spores at you.
You hit the sleepcap.
The sleepcap is lightly damaged.
The sleepcap releases spores at you.
You are engulfed in a cloud of soporific spores!
You fall asleep.
The sleepcap releases spores at you!!
You wake up.
Ouch! That really hurt!
* * * LOW HITPOINT WARNING * * *
You are engulfed in a cloud of soporific spores!
You are unaffected.
You hit the sleepcap but do no damage.
The sleepcap is lightly damaged.
The sleepcap releases spores at you.
You die...

##############
#............#
#.##########.#
#.# #.# #@#
#.# #f# #.#
#S# #.# #(#
#.# #(# #.#
#.# #.#
##'###### #.#
#.......# #.#
#.......+ #.#


You could see a sleepcap and an adder.

Vanquished Creatures
  A hound (D:4)
  2 adders
  A worm (D:2)
  2 dart slugs (D:1)
  3 orcs (D:4)
  A ball python (D:1)
  4 endoplasms
  3 giant cockroaches
  6 goblins
  6 hobgoblins
  5 jackals
  8 kobolds
  2 quokkas
  5 bats
  4 frilled lizards (D:1)
  5 rats
58 creatures vanquished.

Notes
Turn   | Place    | Note
-------+----------+-------------------------------------------
     0 | D:5      | drugrobin the Demigod Delver began the quest for the Orb.
     0 | D:5      | Reached XP level 1. HP: 18/18 MP: 3/3
   168 | D:5      | Noticed a black bear
   168 | D:5      | Noticed a black bear
   398 | D:2      | Reached XP level 2. HP: 25/25 MP: 4/4
   840 | D:1      | Reached XP level 3. HP: 15/30 MP: 5/5
  1648 | D:2      | Learned a level 2 spell: Scorch
  2413 | D:3      | Reached XP level 4. HP: 21/37 MP: 6/6
  3372 | D:4      | HP: 1/37 [sleepcap (19)]
  3373 | D:4      | Slain by a sleepcap

Illustrated notes

Levels and vault maps discovered:
D:1:      elethiomel_arrival_maze, layout_loops_ring, chequers_avenue
D:2:      layout_loops_ring
D:3:      layout_basic, grunt_dithmenos_smoke
D:4:      layout_basic
D:5:      minmay_polygon_palace, layout_loops_corners

Skill      XL: |  1  2  3 |
---------------+----------+-----
Unarmed Combat | 2 3 4 |  4.6
Fighting       | |  2.6
Dodging        | |  1.7
Stealth        | |  4.5

Action                     |  1- 3 |  4- 6 || total
---------------------------+-------+-------++-------
  Melee: Unarmed           |   184 |    30 ||   214
         Punch             |     3 |       ||     3
  Throw: Dart              |       |     3 ||     3
   Cast: Scorch            |     1 |       ||     1
   Stab: Sleeping          |     8 |     1 ||     9
         Distracted        |     1 |     1 ||     2
 Armour: Leather armour    |    86 |    14 ||   100
  Dodge: Dodged            |    99 |    15 ||   114

Table legend: (Time is in decaauts)
 A = Elapsed time spent in this place.
 B = Non-inter-level travel time spent in this place.
 C = Inter-level travel time spent in this place.
 D = Time resting spent in this place.
 E = Time spent auto-exploring this place.
 F = Levels seen in this place.
 G = Mean time per level.
                   A        B        C        D        E       F      G
               +--------+--------+--------+--------+--------+-----+--------+
         Total |   3359 |   3104 |    255 |      0 |   2477 |   5 |  671.8 |
       Dungeon |   3359 |   3104 |    255 |      0 |   2477 |   5 |  671.8 |
               +--------+--------+--------+--------+--------+-----+--------+

Top non-repeatable levels by time:
     D:3: 1249 daAuts
     D:1: 845 daAuts
     D:2: 623 daAuts
     D:4: 407 daAuts
     D:5: 232 daAuts
